 Dungeon Crawl Stone Soup version 0.29.1-15-g9cfb28693d (webtiles) character file.

Game seed: 11010365878704606895

100 Descartes the Ducker (level 4, -1/19 HPs)
             Began as a Felid Transmuter on Mar 9, 2023.
             Slain by an iguana (12 damage)
             ... on level 3 of the Dungeon.
             The game lasted 00:06:48 (5005 turns).

Descartes the Ducker (Felid Transmuter)             Turns: 5005, Time: 00:06:49

Health: -1/19      AC:  1    Str:  8    XL:     4   Next: 47%
Magic:  8/8        EV: 22    Int: 14    God:
Gold:   144        SH:  0    Dex: 16    Spells: 7/8 levels left
                                        Lives:  0   Deaths: 1

rFire   . . .      SeeInvis +     - Unarmed
rCold   . . .      Faith    .   (shield unavailable)
rNeg    . . .      Spirit   .   (body armour unavailable)
rPois   .          Reflect  .   (helmet unavailable)
rElec   .          Harm     .   (cloak unavailable)
rCorr   .          Rampage  .   (gloves unavailable)
Will    .....                   (boots unavailable)
Stlth   ++........              (no amulet)
HPRegen 0.06/turn               e - +4 ring of evasion
MPRegen 0.11/turn               (no ring)

@: quick
A: very small, claws 1, fangs 3, see invisible, speed 1, shaggy fur 1, stealthy
paws, no weapons or thrown items, no armour, multi-lived
a: no special abilities


You were on level 3 of the Dungeon.
You visited 1 branch of the dungeon, and saw 3 of its levels.

You collected 144 gold pieces.

Inventory:

Jewellery
 e - a +4 ring of evasion (left paw)
Scrolls
 d - a scroll of butterflies {unknown}
 g - a scroll of identify {unknown}
 h - 2 scrolls of amnesia {unknown}
 i - a scroll of fear {unknown}
 j - a scroll of blinking {unknown}
 l - 3 scrolls of immolation {unknown}
 n - a scroll of vulnerability {unknown}
 o - a scroll of silence {unknown}
Potions
 a - 3 potions of lignification
 b - a potion of flight
 c - a potion of curing {unknown}
 f - a potion of berserk rage {unknown}
 k - 2 potions of haste {unknown}
 m - a potion of experience {unknown}
 p - a potion of cancellation {unknown}


   Skills:
 + Level 2.3 Fighting
 + Level 3.9 Dodging
 + Level 3.0 Stealth
 + Level 3.5 Unarmed Combat
 + Level 2.5 Spellcasting
 + Level 3.0 Transmutations


You had 7 spell levels left.
You knew the following spells:

 Your Spells              Type           Power      Damage    Failure   Level
a - Beastly Appendage     Tmut           20%        N/A       7%          1

Your spell library contained the following spells:

 Spells                   Type           Power      Damage    Failure   Level
 Wereblood                Tmut           10%        N/A       10%         2
 Blink                    Tloc           2%         N/A       34%         2
 Spider Form              Tmut/Pois      6%         N/A       36%         3
 Ignite Poison            Fire/Tmut/Pois 4%         N/A       41%         3
 Mephitic Cloud           Conj/Pois/Air  1%         N/A       56%         3
 Ice Form                 Ice/Tmut       6%         N/A       77%         4
 Olgreb's Toxic Radiance  Pois           1%         N/A       92%         4
 Freezing Cloud           Conj/Ice/Air   0%         6-21      99%         5
 Manifold Assault         Tloc           1%         N/A       99%         5
 Ozocubu's Refrigeration  Ice            0%         4d7       100%        7
 Storm Form               Tmut/Air       3%         N/A       100%        7
 Ignition                 Fire           0%         3d3       100%        8


Dungeon Overview and Level Annotations

Branches:
Dungeon (3/15)

Altars:

Shops:
D:1 (


Innate Abilities, Weirdness & Mutations

You have sharp claws.
You have razor-sharp teeth.
You have supernaturally acute eyesight. (SInv)
You cover ground quickly. (Speed+)
You are covered in fur. (AC +1)
Your paws help you pounce on unaware monsters.
You are incapable of wielding weapons or throwing items.
You cannot wear armour.
You gain extra lives every three experience levels.


Message History

Your horns disappear.
An iguana is nearby!
You see here a +0 robe.
An orc is nearby!
Casting: Beastly Appendage (safe; 7% risk of failure)
Confirm with . or Enter, or press ? or * to list all spells.
You grow a pair of large bovine horns.
The orc shouts!
You closely miss the orc. You bite the orc.
The orc is lightly wounded.
The orc hits you with a +0 mace.
You scratch the orc.
The orc is heavily wounded.
Your transformation is almost over.
The orc hits you with a +0 mace.
The iguana hisses angrily.
You scratch the orc.
You kill the orc!
Things that are here:
a +0 mace; 15 gold pieces; an orc corpse You scratch the iguana but do no damage.
The iguana completely misses you.
You closely miss the iguana. You bite the iguana.
The iguana is lightly wounded.
The iguana misses you.
You scratch the iguana. Your headbutt misses the iguana.
The iguana is lightly wounded.
The iguana barely misses you.
You claw the iguana! You bite the iguana, but do no damage.
The iguana is heavily wounded.
The iguana completely misses you.
You claw the iguana! Your bite misses the iguana.
The iguana is almost dead.
Your horns disappear.
The iguana barely misses you.
You scratch the iguana but do no damage.
The iguana is almost dead.
The iguana bites you!
Ouch! That really hurt!
You die...

..#.######.................
#.#o#....÷..##.##########.#
#.#...#####.##.#...........
#.#......##.##.#.##.......#
#.#..###.#..##.#.##.####..#
##.....##.#.###.#.##...##..#
..#..<.#....#..^#.#.####.##..#
#.#.#.#######.###.#.####.##..#
#.#.#.......l@.)....[.....#..#
#.#.#########.###.##.###..####
#.#.##### #.# #......#......
#.#.....# #.# ####.#.##.####
#.#..##.# #.# #...##.#<#
####.#..##.#####.# ######.#.#
.....>..##.#.....# #.#.##
.........#.#.###############.#...
####.###.#......l.....†...##.####


You could see an iguana.

Vanquished Creatures
  5 adders
  4 gnolls (D:2)
  A dart slug (D:2)
  2 worms
  5 orcs (D:3)
  11 endoplasms
  3 giant cockroaches
  2 goblins (D:1)
  7 hobgoblins
  2 jackals (D:3)
  4 quokkas
  4 ball pythons
  4 bats
  5 frilled lizards
  7 kobolds
  5 rats
71 creatures vanquished.

Vanquished Creatures (others)
  9 plants (D:2)
9 creatures vanquished.

Grand Total: 80 creatures vanquished

Notes
Turn   | Place    | Note
-------+----------+-------------------------------------------
     0 | D:1      | Descartes the Felid Transmuter began the quest for the Orb.
     0 | D:1      | Reached XP level 1. HP: 9/9 MP: 4/4
   199 | D:1      | Reached skill level 1 in Stealth
   199 | D:1      | Reached XP level 2. HP: 4/12 MP: 3/6
   432 | D:1      | Found Jydigg's Weapon Shoppe.
  1264 | D:1      | Reached XP level 3. HP: 5/15 MP: 7/7
  2648 | D:2      | Reached XP level 4. HP: 2/19 MP: 6/8
  4007 | D:3      | Slain by a worm
  4008 | D:3      | Reached XP level 3. HP: -2/16 MP: 7/7
  4069 | D:3      | Reached XP level 4. HP: 16/19 MP: 8/8
  5005 | D:3      | Slain by an iguana

Illustrated notes

Levels and vault maps discovered:
D:1:      minmay_arrival_loop, layout_basic, serial_shops, shop,
          chequers_serial_rivers_large_a, chequers_serial_rivers_micro_b
D:2:      layout_loops_ring, serial_bayou_ford_a, nicolae_titane
D:3:      layout_basic

Skill      XL: |  1  2  3  4 |
---------------+-------------+-----
Stealth        | 1 2 3 |  3.0
Dodging        | 3 |  3.9
Fighting       | 2 |  2.3
Transmutations | 3 |  3.0
Unarmed Combat | |  3.5
Spellcasting   | |  2.5

Action                   |  1- 3 |  4- 6 || total
-------------------------+-------+-------++-------
Melee: Unarmed           |   124 |    86 ||   210
       Headbutt          |    23 |    12 ||    35
       Bite              |    12 |     8 ||    20
       Punch             |     4 |     4 ||     8
 Cast: Beastly Appendage |    35 |    18 ||    53
  Use: Potion            |       |     1 ||     1
 Stab: Sleeping          |     2 |     3 ||     5
Armor: Skin              |     6 |     1 ||     7
Dodge: Dodged            |    99 |    90 ||   189
